Map: Blood Boil LE

Players

Yata - Winner!

  • Race: Zerg Zerg
  • League: Silver
  • Spawn Location: 5:00

A.I. 1 (Medium)

  • Race: Terran Terran
  • Spawn Location: 11:00

VOD

Have the link to the VOD?

Description

Time

  • Played on: July 11, 2017, 2:30 p.m.
  • Length: 14:12
Show
View Real Time Build Order
Export as new Build Order

Yata Zerg - Winner!

Build Orders: Hatch First, Muta Ling Bane 

Get SALT Encoding   

  12  0:00  Unknown  
  12  0:01  Drone  
  13  0:12  Overlord  
  13  0:29  Drone  
  13  0:30  Drone  
  13  0:31  Drone  
  16  0:40  Drone  
  17  1:01  Hatchery  
  16  1:05  Drone x2  
  16  1:10  Extractor  
  17  1:19  Spawning Pool  
  17  1:22  Drone  
  17  1:27  Drone  
  18  1:37  Drone  
  19  1:45  Overlord  
  19  2:07  Queen  
  21  2:09  Zergling x2  
  21  2:10  Zergling x2  
  21  2:14  Queen  
  25  2:21  Metabolic Boost  
  25  2:40  Overlord x2  
  25  2:59  Baneling Nest  
  25  3:01  Drone  
  25  3:04  Drone x5  
  30  3:19  Evolution Chamber  
  29  3:24  Lair  
  29  3:27  Queen  
  29  3:29  Overlord  
  29  3:32  Drone x2  
  33  3:34  Drone  
  34  3:53  Zerg Melee Weapons Level 1  
  34  4:05  Extractor  
  33  4:26  Zergling x16  
  33  4:30  Drone x4  
  45  4:32  Overlord  
  45  4:38  Hatchery  
  44  5:10  Centrifical Hooks  
  44  5:17  Drone  
  44  5:18  Drone x6  
  44  5:20  Queen  
  53  5:23  Overlord  
  48  5:32  Zergling x6  
  47  6:01  Extractor  
  46  6:04  Extractor  
  46  6:06  Zergling x2  
  46  6:07  Zergling x18  
  49  6:30  Queen  
  45  7:04  Hydralisk Den  
  44  7:17  Drone x11  
  44  7:18  Drone x5  
  60  7:31  Zerg Melee Weapons Level 2  
  60  7:37  Overlord x2  
  60  7:38  Spire  
  60  7:40  Baneling x4  
  60  7:41  Baneling x4  
  59  7:49  Muscular Augments  
  59  7:53  Pneumatized Carapace  
  59  8:40  Drone  
  59  8:41  Drone x3  
  63  8:43  Spore Crawler x2  
  61  8:50  Mutalisk  
  61  8:51  Mutalisk x10  
  83  8:58  Overseer  
  83  9:01  Overseer  
  83  9:41  Queen  
  83  9:42  Queen  
  83  9:43  Queen  
  89  9:50  Hatchery  
  88  9:53  Mutalisk  
  88  9:54  Hatchery  
  88  9:57  Overlord x2  
  88  9:58  Overlord  
  89  10:02  Hatchery  
  78  10:26  Zergling x4  
  78  10:27  Zergling x20  
  84  11:03  Infestation Pit  
  83  11:04  Mutalisk  
  83  11:05  Mutalisk x10  
  105  11:22  Queen  
  105  11:24  Queen  
  103  12:40  Drone  
  103  12:41  Zergling x2  
  103  12:42  Zergling x38  
  103  12:43  Zergling x8  
  123  13:32  Overlord x4  
Show
View Real Time Build Order
Export as new Build Order

A.I. 1 (Medium) Terran 

Build Orders:  

Get SALT Encoding   

  12  0:00  SCV, Unknown  
  13  0:13  SCV  
  14  0:19  Supply Depot  
  14  0:25  SCV  
  15  0:40  SCV  
  16  0:43  Barracks  
  16  0:50  Refinery  
  16  0:52  SCV  
  17  1:04  SCV  
  18  1:17  Supply Depot  
  18  1:30  Marine  
  18  1:32  Orbital Command  
  19  1:35  Barracks  
  19  1:44  Refinery  
  19  1:49  Barracks Tech Lab  
  19  2:04  Factory  
  19  2:06  Marine  
  20  2:24  Marine  
  20  2:27  Supply Depot  
  20  2:29  Marine  
  22  2:42  Marine  
  23  2:49  Hellion  
  23  2:50  SCV  
  26  3:02  SCV, Engineering Bay  
  27  3:11  Hellion  
  29  3:14  SCV  
  29  3:15  Supply Depot  
  30  3:26  SCV  
  31  3:32  Hellion  
  33  3:38  SCV  
  34  3:50  SCV  
  34  3:53  Hellion  
  37  4:58  SCV  
  37  5:21  Barracks Tech Lab, Marauder  
  37  5:22  SCV  
  37  5:24  Factory, Factory Tech Lab  
  37  5:27  Supply Depot  
  37  5:28  Command Center  
  40  5:29  Missile Turret  
  40  5:30  Missile Turret  
  40  5:34  Armory, Starport  
  40  5:37  Barracks  
  40  5:43  Marauder  
  40  5:47  Marauder  
  44  5:57  Supply Depot  
  44  5:59  SCV  
  44  6:04  Marauder  
  44  6:06  Bunker  
  44  6:08  Reaper  
  44  6:09  Factory Tech Lab  
  47  6:13  Starport Tech Lab  
  45  6:18  Sensor Tower  
  45  6:24  Barracks Reactor  
  45  6:25  Reaper  
  45  6:32  Raven  
  37  6:40  Marine  
  37  6:41  SCV  
  37  6:43  SCV  
  40  6:53  SCV  
  41  6:54  Missile Turret  
  41  6:56  SCV  
  41  6:57  Marine  
  41  7:01  Marine  
  43  7:05  SCV  
  43  7:07  Missile Turret  
  43  7:08  SCV  
  46  7:10  Marine  
  46  7:14  Raven  
  49  7:17  SCV  
  49  7:19  Marine  
  49  7:20  SCV  
  52  7:28  Bunker  
  52  7:29  SCV, Marine  
  54  7:32  SCV  
  55  7:38  Marine  
  55  7:41  SCV  
  57  7:44  SCV  
  57  7:47  Marine  
  59  7:53  SCV  
  59  7:56  SCV  
  62  8:05  SCV  
  62  8:08  SCV  
  63  8:13  Refinery  
  63  8:17  SCV  
  64  8:20  SCV  
  65  8:29  SCV  
  65  8:32  SCV  
  67  8:42  SCV  
  67  8:44  SCV  
  69  9:33  Siege Tank  
  69  9:34  Stimpack  
  69  9:36  Starport  
  72  9:39  Supply Depot  
  72  9:41  Siege Tank  
  72  9:43  Combat Shields, Engineering Bay  
  75  10:00  Medivac  
  75  10:02  Supply Depot, Terran Infantry Weapons Level 1  
  75  10:05  Siege Tank  
  79  10:07  Marine  
  79  10:12  Medivac  
  79  10:15  Marine  
  79  10:19  Terran Infantry Armor Level 1  
  80  10:23  Siege Tank  
  80  10:24  SCV  
  80  10:26  Supply Depot, Command Center  
  71  10:28  SCV  
  71  10:30  Raven  
  71  10:31  Marine  
  71  10:39  Marine  
  68  10:42  Starport Tech Lab  
  68  10:47  Marine  
  57  10:54  SCV  
  57  10:55  Marine  
  57  10:56  Factory Tech Lab  
  57  10:57  SCV  
  53  11:00  Medivac  
  53  11:02  Concussive Shells  
  53  11:03  Marine  
  52  11:06  SCV  
  52  11:09  SCV  
  52  11:11  Marine  
  47  11:18  SCV  
  45  11:19  Siege Tank  
  45  11:21  SCV  
  40  11:27  Marine  
  40  11:30  SCV  
  36  11:33  SCV  
  36  11:34  Marine  
  34  11:40  SCV  
  34  11:41  Refinery  
  34  11:42  SCV  
  34  11:43  Siege Tank  
  34  11:45  SCV  
  37  11:50  Marine  
  37  11:52  Raven, SCV  
  41  11:54  SCV  
  41  11:57  SCV  
  41  11:58  Hellion  
  41  12:00  Missile Turret  
  42  12:04  SCV  
  42  12:05  Marine  
  42  12:06  SCV  
  36  12:09  SCV  
  36  12:11  Refinery, Raven  
  36  12:13  Marine  
  35  12:16  SCV  
  35  12:18  SCV  
  35  12:21  SCV, Marine  
  38  12:28  SCV  
  38  12:29  Hellion  
  35  12:30  SCV  
  35  12:33  SCV  
  35  12:36  Hellion  
  35  12:40  SCV  
  35  12:43  Marine, SCV  
  37  12:45  SCV  
  28  12:51  Hellion  
  28  12:53  SCV  
  28  12:55  SCV  
  28  12:58  SCV, Hellion  
  29  13:05  SCV  
  27  13:06  Marine  
  27  13:07  SCV  
  27  13:10  SCV  
  27  13:18  SCV  
  27  13:21  Hellion  
  27  13:26  SCV  
  22  13:33  SCV  
  22  13:36  SCV  
  22  13:39  Marine  
  23  13:45  SCV  
Tags
 
Composition
Muta Ling Bane
League
Silver
Matchup
TvZ
Replay Pack
Pack 1
Spawn Locations
Cross Positions
Add a new tag
Caveats
  • Supply blocks, unpowered buildings, or Contaminate may cause inaccurate times.
  • Supply counts are checked every 10 seconds.